 Dungeon Crawl Stone Soup version 0.27-a0-920-gb2bd10914a (webtiles) character file.

Game seed: 301347751103782593

43 jestyr24 the Digger (level 3, -1/21 HPs)
             Began as a Gargoyle Earth Elementalist on Apr 10, 2021.
             Slain by a gnoll
             ... wielding a +0 club
              (6 damage)
             ... on level 2 of the Dungeon.
             The game lasted 00:04:30 (1337 turns).

jestyr24 the Digger (Gargoyle Earth Elementalist)   Turns: 1337, Time: 00:04:32

Health: -1/21      AC:  9    Str: 11    XL:     3   Next: 58%
Magic:  3/6        EV: 11    Int: 16    God:
Gold:   55         SH:  0    Dex: 10    Spells: 5/6 levels left

rFire    . . .     SeeInvis .   k - +0 flail
rCold    . . .     Faith    .   (no shield)
rNeg     + . .     Spirit   .   a - +3 leather armour
rPois    ∞         Reflect  .   (no helmet)
rElec    +         Harm     .   (no cloak)
rCorr    .         Rampage  .   (no gloves)
Will     .....                  (no boots)
Stlth    ++........             (no amulet)
HPRegen  0.07/turn              (no ring)
MPRegen  0.10/turn              (no ring)

@: no status effects
A: AC +3, negative energy resistance 1, electricity resistance, torment
resistance 1, unbreathing 1, petrification resistance
a: no special abilities


You were on level 2 of the Dungeon.
You visited 1 branch of the dungeon, and saw 2 of its levels.

You collected 55 gold pieces.

Inventory:

Hand Weapons
 f - a +0 dagger
 j - a +0 club
 k - a +0 flail (weapon)
Missiles
 b - 38 stones
 g - 23 bolts
Armour
 a - a +3 leather armour (worn)
 c - a +0 robe
Jewellery
 d - an amulet of faith
Potions
 e - a potion of lignification {unknown}
 h - a potion of mutation {unknown}
 i - a potion of heal wounds {unknown}


   Skills:
 * Level 1.7 Fighting
 + Level 0.8 Armour
 + Level 1.8 Dodging
 + Level 2.3 Stealth
 + Level 2.4 Spellcasting
 + Level 0.7 Transmutations
 + Level 3.9 Earth Magic


You had 5 spell levels left.
You knew the following spells:

 Your Spells              Type           Power      Damage    Failure   Level
a - Sandblast             Erth           28%        2d8       5%          1

Your spell library contained the following spells:

 Spells                   Type           Power      Damage    Failure   Level
 Passwall                 Tmut/Erth      7%         N/A       16%         2
 Stone Arrow              Conj/Erth      16%        3d8       34%         3
 Petrify                  Tmut/Erth      9%         N/A       69%         4
 Lee's Rapid Deconstruct  Erth           7%         3d7*      82%         5


Dungeon Overview and Level Annotations

Branches:
Dungeon (2/15)

Altars:


Innate Abilities, Weirdness & Mutations

Your stone body is resilient. (AC +3)
You are immune to poison.
You resist negative energy. (rN+)
You are resistant to electric shocks. (rElec)
You are resistant to unholy torment.
You can survive without breathing.
You are immune to petrification.


Message History

Aiming: Sandblast (safe; 5% risk of failure)
Press: ? - help, Q - select action, (/) - cycle Shift-Dir - straight line, f - you Marked for pickup.
That would be overly suicidal.
Okay, then.
k - a +0 flail
k - a +0 flail (weapon)
A gnoll is nearby!
You start resting.
A gnoll is nearby!
You start resting.
Magic restored.
The gnoll shouts!
The blast of sand hits the gnoll.
The gnoll is moderately wounded.
The gnoll shouts!
The blast of sand hits the gnoll!
You kill the gnoll!
You thump the gnoll!
The gnoll is severely wounded.
The gnoll hits you but does no damage. x2
You completely miss the gnoll.
The gnoll is severely wounded.
The gnoll hits you but does no damage. The gnoll hits you with a +0 flail.
The gnoll closely misses you. The gnoll hits you with a +0 flail!
You barely miss the gnoll.
The gnoll is severely wounded.
The gnoll completely misses you. The gnoll hits you with a +0 flail.
* * * LOW HITPOINT WARNING * * *
You are too injured to fight recklessly!
You are too injured to fight recklessly!
You are too injured to fight recklessly!
Casting: Sandblast (safe; 5% risk of failure)
Confirm with . or Enter, or press ? or * to list all spells.
Aiming: Sandblast (safe; 5% risk of failure)
Press: ? - help, Shift-Dir - straight line, f - gnoll
Aim: a gnoll, wielding a +0 flail (18% to evade)
The blast of sand hits the gnoll!
The gnoll is severely wounded.
The gnoll hits you with a +0 club.
You die...

..................#....#.
..................#....#.
..................#....#.
............#######....#.
............# #....>#.
............# ###.#####.
...........# #...# #.
......gg#### #.########
.......@# #.# #.....
#.......# #.###.####
#.......# #.....# #
#.......# #######
#########


You could see 2 gnolls.

Vanquished Creatures
  2 gnolls (D:2)
  A dart slug (D:1)
  A worm (D:2)
  4 endoplasms
  A giant cockroach (D:2)
  2 quokkas (D:1)
  2 bats (D:1)
  3 frilled lizards (D:2)
  3 kobolds (D:1)
  A rat (D:1)
20 creatures vanquished.

Notes
Turn   | Place    | Note
-------+----------+-------------------------------------------
     0 | D:1      | jestyr24 the Gargoyle Earth Elementalist began the quest
                  | for the Orb.
     0 | D:1      | Reached XP level 1. HP: 10/10 MP: 3/3
   608 | D:1      | Reached XP level 2. HP: 15/15 MP: 1/5
   767 | D:1      | Found a faded altar of an unknown god.
   945 | D:1      | Reached skill level 1 in Fighting
  1300 | D:2      | Reached XP level 3. HP: 20/20 MP: 3/6
  1337 | D:2      | Slain by a gnoll

Illustrated notes

Levels and vault maps discovered:
D:1:      sevenhm_arrival_forest_fort_small_5, layout_loops_cross,
          chequers_ecumenical_altar_simple_redux, minmay_misc_feat_roman,
          minmay_stone_trees_small
D:2:      layout_basic

Skill      XL: |  1  2 |
---------------+-------+-----
Fighting       | 1 |  1.7
Armour         | |  0.8
Dodging        | |  1.8
Stealth        | |  2.3
Spellcasting   | |  2.4
Transmutations | |  0.7
Earth Magic    | |  3.9

Action                   || total
-------------------------++-------
Melee: Unarmed           ||     5
       Club              ||     1
       Flail             ||     3
Throw: Stone             ||     1
 Cast: Sandblast         ||    28
 Stab: Sleeping          ||     1
Armor: Leather armour    ||     8
Dodge: Dodged            ||     4

Table legend: (Time is in decaauts)
 A = Elapsed time spent in this place.
 B = Non-inter-level travel time spent in this place.
 C = Inter-level travel time spent in this place.
 D = Time resting spent in this place.
 E = Time spent auto-exploring this place.
 F = Levels seen in this place.
 G = Mean time per level.
                   A        B        C        D        E       F      G
               +--------+--------+--------+--------+--------+-----+--------+
         Total |   1340 |   1307 |     33 |    263 |    837 |   2 |  670.0 |
       Dungeon |   1340 |   1307 |     33 |    263 |    837 |   2 |  670.0 |
               +--------+--------+--------+--------+--------+-----+--------+

Top non-repeatable levels by time:
     D:1: 1088 daAuts
     D:2: 252 daAuts
